 Dungeon Crawl Stone Soup version 0.17.0-28-g6e173f8 (webtiles) character file.

102 PossumBlood the Grave Robber (level 4, 0/24 HPs)
             Began as a Deep Elf Necromancer on Nov 24, 2015.
             Killed from afar by ShansongY's ghost (5 damage)
             ... with a sting
             ... on level 3 of the Dungeon.
             The game lasted 00:13:45 (2779 turns).

PossumBlood the Grave Robber (Deep Elf Necromancer) Turns: 2779, Time: 00:13:45

Health: 0/24       AC:  2    Str:  5    XL:     4   Next: 49%
Magic:  12/12      EV: 16    Int: 21    God:
Gold:   166        SH:  0    Dex: 15    Spells: 2 memorised, 9 levels left

rFire  . . .     SeeInvis .     g - +0 dagger (venom)
rCold  . . .     Clarity  .     a - +0 robe
rNeg   . . .     SustAt   .     (no shield)
rPois  .         Gourm    .     (no helmet)
rElec  .         Spirit   .     (no cloak)
rCorr  .         Warding  .     (no gloves)
rMut   .         Stasis   .     (no boots)
MR     .....                    (no amulet)
Stlth  ++........               (no ring)
                                f - +3 ring of evasion

@: lethally poisoned (0 -> -22), not resistant to hostile enchantments,
unstealthy
A: no striking features
a: no special abilities


You were on level 3 of the Dungeon.
You were not hungry.

You visited 1 branch of the dungeon, and saw 3 of its levels.

You collected 166 gold pieces.

Inventory:

Hand Weapons
 d - a +0 club
 g - a +0 dagger of venom (weapon)
Armour
 a - a +0 robe (worn)
Jewellery
 f - a +3 ring of evasion (left hand)
Scrolls
 c - 2 scrolls of identify
 e - a scroll of recharging {unknown}
 j - 3 scrolls of magic mapping {unknown}
 k - a scroll of fear {unknown}
 l - a scroll of enchant armour {unknown}
 m - a scroll of remove curse {unknown}
Potions
 i - a potion of flight {unknown}
Books
 b - a book of Necromancy

   Spells                             Type                      Level
   a - Pain                           Necromancy                   1
   b - Animate Skeleton               Necromancy                   1
   c - Vampiric Draining              Necromancy                   3
   d - Regeneration                   Charms/Necromancy            3
   e - Animate Dead                   Necromancy                   4
   f - Control Undead                 Necromancy                   4


   Skills:
 + Level 0.1 Fighting
 + Level 3.2 Dodging
 + Level 2.8 Stealth
 + Level 4.2 Spellcasting
 + Level 6.0 Necromancy


You had 9 spell levels left.
You knew the following spells:

 Your Spells              Type           Power        Failure   Level  Hunger
a - Pain                  Necr           ####         1%          1    None
b - Animate Skeleton      Necr           N/A          1%          1    None


Dungeon Overview and Level Annotations

Branches:
Dungeon (3/15)

Altars:
Ru

Annotations:
D:3 ShansongY's ghost, amateur DEVM


Message History

You can't see any susceptible monsters within range! (Use Z to cast anyway.)
You barely miss ShansongY's ghost.
ShansongY's ghost is lightly damaged.
You feel sick. ShansongY's ghost barely misses you.
You feel sick.
You feel sick.
ShansongY's ghost shrieks, "You will join me soon!"
Casting: Pain
Confirm with . or Enter, or press ? or * to list all spells.
You can't see any susceptible monsters within range! (Use Z to cast anyway.) Unknown command.
ShansongY's ghost hits you.
* * * LOW HITPOINT WARNING * * *
You are more poisoned.
* * * LOW HITPOINT WARNING * * *
You feel sick.
ShansongY's ghost gestures at you while chanting.
The sting hits you!
You are more poisoned.
You die...

## .
#.#########.... #
#......$.......
#.#....W#####.###
#.....@.........
#.............#
#....(..#######
#.......'.....+
#.......#######
#..........#
###.######.# #.
#.# #####+##.#


You could see ShansongY's ghost.

Vanquished Creatures
  3 adders (D:2)
  An ooze (D:1)
  A worm (D:2)
  3 giant geckos
  4 giant cockroaches
  4 hobgoblins
  4 jackals (D:2)
  9 kobolds
  A quokka (D:2)
  9 bats
  A giant newt (D:1)
  7 goblins
  5 rats
52 creatures vanquished.

Vanquished Creatures (collateral kills)
  2 adders (D:2)
  A quokka (D:2)
  2 goblins (D:2)
  A kobold (D:2)
6 creatures vanquished.

Grand Total: 58 creatures vanquished

Notes
Turn   | Place    | Note
--------------------------------------------------------------
     0 | D:1      | PossumBlood the Deep Elf Necromancer began the quest for the Orb.
     0 | D:1      | Reached XP level 1. HP: 10/10 MP: 6/6
    16 | D:1      | Reached skill level 5 in Necromancy
    26 | D:1      | Learned a level 1 spell: Animate Skeleton
   425 | D:1      | Reached XP level 2. HP: 13/15 MP: 5/8
   916 | D:1      | Reached XP level 3. HP: 11/19 MP: 2/10
  1371 | D:2      | Found a sacrificial altar of Ru.
  1925 | D:2      | Reached XP level 4. HP: 21/24 MP: 8/12
  1981 | D:2      | Reached skill level 6 in Necromancy
  2768 | D:3      | Noticed ShansongY's ghost (amateur DEVM)
  2779 | D:3      | Killed from afar by ShansongY's ghost

Action                   |  1- 3 |  4- 6 || total
-------------------------+-------+-------++-------
Melee: Club              |    15 |       ||    15
       Dagger            |    22 |    27 ||    49
 Cast: Pain              |    57 |    12 ||    69
       Animate Skeleton  |     6 |     4 ||    10
  Use: Scroll            |     4 |       ||     4
       Potion            |     2 |       ||     2
 Stab: Sleeping          |     1 |       ||     1
       Distracted        |       |     1 ||     1
  Eat: Bread ration      |     1 |       ||     1
       Beef jerky        |       |     1 ||     1
